Unix NetHack Version 5.0.0-0 post-release - last build Jun 10 2026 00:39:30 (3ee93aec679c4c4259841fe613dc97188e26a321,branch:main).

Game began 2026-07-02 18:19:45, ended 2026-07-03 18:38:42.

IceCreamJones, lawful female human Priestess

                          --------------------------
                          |................^..qu..>|
                          |.----------------...@...|
                          |.|         ------.-------
                          |.|         |...........|
                          |.|         |0.........0|
                          |.|         |----.--------
                          |.|         |.....[......|
                          |.|         |............|
                          |.|------   --------.-----
                          |.|.....|--  |..........|
                          |.|.....-`|  |..........|
                          |.|....[|-|  --.........|
                          |.*.....-.|   ----.-------
                          --|*....|-|     |........|
                            |.[).%-.|     |........|
                            |.%...|--     ------...|
                            -------            -----
IceCreamJones the Adept      St:15 Dx:15 Co:18 In:10 Wi:15 Ch:12  Lawful
Dlvl:2  $:23 HP:0(74) Pw:92(112) AC:1  Xp:9 T:8529 

Latest messages:
 You were wearing a +2 leather jacket.
 The horse picks up a dwarf lady corpse.
 What do you want to wear? [oFR or ?*]
 The horse drops a dwarf lady corpse.
 You finish your dressing maneuver.
 What do you want to take off? [ckOR or ?*]
 You finish taking off your suit.
 What do you want to drop? [$a-df-hj-moq-uwzBF-HK-MO-R or ?*]
 You drop a +0 dwarvish mithril-coat.
 What do you want to wear? [oF or ?*]
 You are now wearing a leather jacket.
 What do you want to wear? [F or ?*]
 You are now wearing a cloak of magic resistance.
 What do you want to wield? [- adqtuMPQ or ?*]
 You are already wielding that!
 The horse picks up a dwarf lady corpse.
 There is a broken door here.
 There are many objects here.
 Click!  You trigger a rolling boulder trap!
 No boulder was released.
 The leocrotta hits!
 The leocrotta bites!
 The leocrotta hits!
 You hit the leocrotta!
 The leocrotta hits!
 The leocrotta bites!
 The leocrotta hits!
 What do you want to wield? [- adqtuMPQ or ?*]
 You are already wielding that!
 You hit the leocrotta!
 The leocrotta hits!
 The leocrotta bites!
 The leocrotta hits!
 In what direction?
 You feel better.
 The leocrotta hits!
 The leocrotta misses!
 The leocrotta just misses!
 You hit the leocrotta!
 The leocrotta hits!
 The leocrotta bites!
 The leocrotta hits!
 You fail to cast the spell correctly.
 The leocrotta hits!
 You die...
 Do you want your possessions identified? [ynq] (y)
 Do you want to see your attributes? [ynq] (y)
 Do you want an account of creatures vanquished? [ynaq] (y)
 Do you want to see your conduct and achievements? [ynq] (y)
 Do you want to see the dungeon overview? [ynq] (y)

Inventory:
 Coins    ('$')
  $ - 23 gold pieces
 Weapons  (')')
  P - 37 +0 crossbow bolts (in quiver pouch)
  M - a blessed +0 crossbow
  q - 5 +0 darts
  d - 5 +0 shuriken
  t - a blessed corroded +0 aklys (alternate weapon; not wielded)
  a - the +3 Demonbane (weapon in right hand)
 Armor    ('[')
  k - a +1 orcish helm (being worn)
  O - a +0 pair of speed boots (being worn)
  c - a blessed burnt +0 small shield (being worn)
  F - a blessed +1 cloak of magic resistance (being worn)
  o - a +2 leather jacket (being worn)
 Comestibles  ('%')
  w - 2 carrots
  m - 2 cloves of garlic
  h - 3 food rations
  z - 4 tripe rations
 Rings    ('=')
  G - a blessed +1 ring of protection (on left hand)
  K - a ring of see invisible
 Wands    ('/')
  j - a wand of digging (0:5)
  g - a wand of opening (0:3)
  s - a wand of polymorph (0:3)
  B - a wand of slow monster (0:3)
 Tools    ('(')
  b - a bag of holding containing 17 items
  L - an empty bag of holding
  l - a blindfold
  r - a lock pick
  Q - a +0 pick-axe
  f - a tin whistle
  u - a +0 unicorn horn
  H - a wax candle

Contents of the bag of holding:
  454 gold pieces
  a +0 elven dagger
  a +0 elven broadsword
  a +0 pair of kicking boots
  a partly eaten food ration
  a sprig of wolfsbane
  2 tripe rations
  a lichen corpse
  a cursed scroll of enchant armor
  a scroll of teleportation
  a blessed potion of healing
  2 potions of healing
  a ring of polymorph control
  a ring of searching
  a ring of teleport control
  a ring of conflict
  a ring of levitation

IceCreamJones the Priestess's attributes:

Background:
 You were an Adept, a level 9 human Priestess.
 You were lawful, on a mission for Lugh
 who was opposed by Brigit (neutral) and Manannan Mac Lir (chaotic).
 You were right-handed.
 You were in Sokoban, on level 2.
 You entered the dungeon 8529 turns ago.
 You had 2932 experience points, 2188 more were needed to attain level 10.

Basics:
 You had 0 out of 74 hit points.
 You had 92 out of 112 energy points (spell power).
 Your armor class was 1.
 Your wallet contained 23 zorkmids, and
 you had 454 more stashed away in your pack.
 Autopickup was off.

Final Characteristics:
 Your strength was 15 (limit:18/100).
 Your dexterity was 15 (limit:18).
 Your constitution was 18 (limit:18).
 Your intelligence was 10 (limit:18).
 Your wisdom was 15 (limit:18).
 Your charisma was 12 (peak:13, limit:18).

Final Status:
 You weren't hungry.
 You were unencumbered.
 You were wielding a mace.
 You had expert skill with mace.

Final Attributes:
 You were piously aligned.
 You were magic-protected.
 You were poison resistant.
 You were telepathic.
 You had a small defense bonus (+1).
 You were guarded.
 You were very fast.
 You are dead.

Miscellaneous:
 You didn't encounter any bones levels.
 Total elapsed playing time was 2 hours, 11 minutes and 59 seconds.

Major events:
 Turn
    1: IceCreamJones the lawful human Priestess entered the dungeon
 1274: attained the rank of Acolyte (level 3)
 2394: entered the Gnomish Mines
 3261: reached Mine Town
 3382: attained the rank of Adept (level 6)
 3642: was bestowed with Demonbane by Lugh
 5113: entered Sokoban
 5563: completed 1st Sokoban level
 6534: completed 2nd Sokoban level
 7336: completed 3rd Sokoban level
 8152: completed 4th Sokoban level
 8377: acquired the Sokoban bag of holding
 8529: killed by a leocrotta

Spells:
 Name                 Level Category     Fail Retention
 healing                1   healing       19%   51%-60%
 stone to flesh         3   healing       42%   51%-60%
 knock                  1   matter        35%   51%-75%
 confuse monster        1   enchantment   35%   51%-75%

Skills:
 Fighting Skills
   bare handed combat [Unskilled]
 Weapon Skills
   club               [Unskilled]
   mace               [Expert]
   morning star       [Unskilled]
   flail              [Unskilled]
   hammer             [Unskilled]
   quarterstaff       [Unskilled]
   polearms           [Unskilled]
   spear              [Unskilled]
   trident            [Unskilled]
   lance              [Unskilled]
   bow                [Unskilled]
   sling              [Unskilled]
   crossbow           [Unskilled]
   dart               [Unskilled]
   shuriken           [Unskilled]
   boomerang          [Unskilled]
   unicorn horn       [Unskilled]
 Spellcasting Skills
   healing spells     [Basic]
   divination spells  [Unskilled]
   clerical spells    [Basic]

Voluntary challenges:
 Character rerolling was not enabled.
 You never genocided any monsters.
 You never polymorphed an object.
 You never changed form.
 You used no wishes.
 You did not violate any of the special Sokoban rules.
Achievements:
 You entered a shop.
 You attained the rank of Acolyte.
 You entered the Gnomish Mines.
 You entered Minetown.
 You attained the rank of Adept.
 You entered a temple.
 You entered Sokoban.
 You completed Sokoban.

 The Dungeons of Doom: levels 1 to 7
    Level 1:
       An altar, a fountain.
    Level 2:
       A general store.
    Level 3:
    Level 4:
       A potion shop, a fountain.
       Stairs down to The Gnomish Mines.
    Level 5:
       Many fountains.
    Level 6:
       An altar, some fountains.
       Stairs up to Sokoban, level 5.
    Level 7:
 The Gnomish Mines: levels 5 to 8
    Level 5:
    Level 6:
    Level 7:
       Many shops, a temple and an altar to Lugh, many fountains.
    Level 8:
 Sokoban: levels 5 up to 2
    Level 2: <- You were here.
       Solved.
       Final resting place for
          you, killed by a leocrotta.
    Level 3:
       Solved.
    Level 4:
       Solved.
    Level 5:
       Solved.


Vanquished creatures:
  2 giant mimics
  a small mimic
  a xan
 an ettin mummy
  a quantum mechanic
  a pyrolisk
  a freezing sphere
  a dwarf ruler
 an elf mummy
  a wraith
  a Grey-elf
  2 giant beetles
  2 quivering blobs
  a cockatrice
  a panther
  3 leprechauns
  a scorpion
  a horse
  a vampire bat
  a brown pudding
  a gold golem
  a Green-elf
  a chickatrice
  2 housecats
  a jaguar
  a dwarf leader
  a gray unicorn
  a dust vortex
  4 human zombies
  4 Woodland-elves
  a bugbear
  a quasit
  a water nymph
  a mountain nymph
 an orc shaman
  3 rock piercers
  2 rock moles
  2 ponies
  a fog cloud
  2 yellow lights
  2 shriekers
  2 violet fungi
  6 gnome leaders
  2 gnomish wizards
  a gray ooze
  2 giant ants
  2 little dogs
  5 floating eyes
  a kitten
  a dwarf
  3 homunculi
  2 kobold leaders
  6 hill orcs
  2 rothes
  a rabid rat
  a giant bat
  a wererat
  2 werejackals
  5 iguanas
  7 killer bees
  2 acid blobs
  3 coyotes
  2 manes
  a large kobold
  a hobgoblin
  a giant rat
  4 cave spiders
  4 yellow molds
  a green mold
  a red mold
 27 gnomes
 11 garter snakes
  3 geckos
  6 jackals
  2 foxes
  2 kobolds
  a goblin
  5 sewer rats
  4 grid bugs
  9 lichens
  a kobold zombie
 11 newts
213 creatures vanquished.

No species were genocided or became extinct.

Game over:
                       ----------
                      /          \
                     /    REST    \
                    /      IN      \
                   /     PEACE      \
                  /                  \
                  |  IceCreamJones   |
                  |      477 Au      |
                  |   killed by a    |
                  |    leocrotta     |
                  |                  |
                  |                  |
                  |       2026       |
                 *|     *  *  *      | *
        _________)/\\_//(\/(/\)/\//\/|_)_______

Goodbye IceCreamJones the Priestess...

You died in Sokoban on dungeon level 2 with 12628 points,
and 477 pieces of gold, after 8529 moves.
You were level 9 with a maximum of 74 hit points when you died.

